 Dungeon Crawl Stone Soup version 0.23.1 (webtiles) character file.

Game seed: 12289441623055016983

18 Borgoz the Sneak (level 2, -1/22 HPs)
             Began as a Ghoul Enchanter on Mar 3, 2019.
             Slain by an adder (3 damage)
             ... on level 2 of the Dungeon.
             The game lasted 00:00:49 (1302 turns).

Borgoz the Sneak (Ghoul Enchanter)                  Turns: 1302, Time: 00:00:50

Health: -1/22      AC:  2    Str: 11    XL:     2   Next: 70%
Magic:  3/3        EV: 12    Int: 10    God:
Gold:   39         SH:  0    Dex:  9    Spells: 3/4 levels left

rFire    . . .     SeeInvis .   a - +1 dagger
rCold    + . .     Gourm    .   (no shield)
rNeg     + + +     Faith    .   b - +0 robe
rPois    ∞         Spirit   .   (no helmet)
rElec    .         Reflect  .   (no cloak)
rCorr    .         Harm     .   (no gloves)
MR       .....                  (no boots)
Stlth    ++........             (no amulet)
HPRegen  0.00/turn              (no ring)
MPRegen  0.08/turn              (no ring)

@: rotting
A: rotting body, claws 1, carnivore, cold resistance 1, negative energy
resistance 3, inhibited regeneration, torment resistance, unbreathing
a: no special abilities


You were on level 2 of the Dungeon.
You were not hungry.

You visited 1 branch of the dungeon, and saw 2 of its levels.

You collected 39 gold pieces.

Inventory:

Hand Weapons
 a - a +1 dagger (weapon)
Armour
 b - a +0 robe (worn)
Potions
 c - a potion of might {unknown}
 e - a potion of heal wounds {unknown}
Comestibles
 d - a ration


   Skills:
 + Level 0.5 Fighting
 * Level 1.3 Short Blades
 + Level 0.3 Armour
 * Level 2.0 Dodging
 + Level 3.4 Stealth
 + Level 1.9 Spellcasting
 + Level 2.5 Hexes


You had 3 spell levels left.
You knew the following spells:

 Your Spells              Type           Power        Failure   Level  Hunger
a - Corona                Hex            #......      12%         1    ##.....

Your spell library contained the following spells:

 Spells                   Type           Power        Failure   Level  Hunger
 Ensorcelled Hibernation  Hex/Ice        #.....       28%         2    ###....
 Confuse                  Hex            #.......     34%         3    ####...
 Tukima's Dance           Hex            #.......     34%         3    ####...
 Dazzling Spray           Conj/Hex       #.....       50%         3    ####...


Dungeon Overview and Level Annotations

Branches:
Dungeon (2/15)

Altars:


Innate Abilities, Weirdness & Mutations

Your body is rotting away.
You thrive on raw meat.
You are immune to poison.
You have sharp fingernails.
You are carnivorous and can eat meat at any time.
Your flesh is cold resistant. (rC+)
You are immune to negative energy. (rN+++)
You do not regenerate when monsters are visible.
You are immune to unholy pain and torment.
You can survive without breathing.


Message History

You are too injured to fight recklessly!
You are too injured to fight recklessly!
You are too injured to fight recklessly!
You are too injured to fight recklessly!
You are too injured to fight recklessly!
You are too injured to fight recklessly!
You closely miss the adder. The adder barely misses you.
You closely miss the adder. The adder barely misses you.
Okay, then.
You closely miss the adder. The adder misses you.
You hit the adder.
The adder is moderately wounded.
The adder bites you.
* * * LOW HITPOINT WARNING * * *
The adder bites you.
* * * LOW HITPOINT WARNING * * *
You hit the adder.
The adder is heavily wounded.
The adder bites you.
You die...

....#.# #.###...#
....#.# #.......###
......###.###.....##
...................#
.....##............#
.....##.#.##.#.....#
.....##.#.##.##....#
÷#.####.#.##.###.#.#
.#......#.##.# #@#.#
....<...[....# #S#.#
########..#### #w..#
# #...# .......
.....>....#
###....!.....
##..$..#....
#....#####.


You could see an adder and a dart slug.

Vanquished Creatures
  An adder (D:2)
  A goblin (D:1)
  2 hobgoblins (D:1)
  3 jackals (D:2)
  A kobold (D:1)
8 creatures vanquished.

Notes
Turn   | Place    | Note
-------+----------+-------------------------------------------
     0 | D:1      | Borgoz the Ghoul Enchanter began the quest for the Orb.
     0 | D:1      | Reached XP level 1. HP: 14/14 MP: 2/2
   316 | D:1      | Reached skill level 1 in Short Blades
  1241 | D:2      | Reached XP level 2. HP: 13/22 MP: 3/3
  1302 | D:2      | Slain by an adder

Skill      XL: |  1 |
---------------+----+-----
Short Blades   | 1 |  1.3
Dodging        | 2 |  2.0
Fighting       | |  0.5
Armour         | |  0.3
Stealth        | |  3.4
Spellcasting   | |  1.9
Hexes          | |  2.5

Action                   || total
-------------------------++-------
Melee: Dagger            ||    62
 Stab: Sleeping          ||     1
  Eat: Chunk             ||     6
Armor: Robe              ||     7
Dodge: Dodged            ||    37
